 Dungeon Crawl Stone Soup version 0.30.1-11-g7821555f0a (webtiles) character file.

Game seed: 15506098416464886300

156 Cheops the Chiller (level 5, -7/45 HPs)
             Began as an Ogre Ice Elementalist on Oct 29, 2023.
             Mangled by Grinder (9 damage)
             ... on level 3 of the Dungeon.
             The game lasted 00:05:55 (2484 turns).

Cheops the Chiller (Ogre Ice Elementalist)          Turns: 2484, Time: 00:05:55

Health: -7/45      AC:  9    Str: 12    XL:     5   Next: 38%
Magic:  9/9        EV:  9    Int: 18    God:
Gold:   121        SH:  0    Dex:  9    Spells: 3/10 levels left

rFire   + . .        j - staff of earth
rCold   . . .        (no shield)
rNeg    . . .        a - +0 robe
rPois   .            (helmet restricted)
rElec   .            (no cloak)
rCorr   .            (gloves unavailable)
SInv    .            (boots unavailable)
Will    .....        (no amulet)
Stlth   +            f - ring of protection from fire
HPRegen 0.27/turn    (no ring)
MPRegen 0.11/turn

%: no passive effects
@: ice-armoured, very slightly contaminated
A: large, unfitting armour, tough skin 1
a: no special abilities


You were on level 3 of the Dungeon.
You visited 1 branch of the dungeon, and saw 3 of its levels.

You collected 121 gold pieces.

Inventory:

Hand Weapons
 d - a +0 dagger
 m - a +0 club
Armour
 a - a +0 robe (worn)
Magical Staves
 j - a staff of earth (weapon)
 q - a staff of death
Jewellery
 f - a ring of protection from fire (left hand)
Scrolls
 e - a scroll of fear {unknown}
 i - 2 scrolls of poison {unknown}
 k - a scroll of teleportation {unknown}
 l - a scroll of torment {unknown}
 n - a scroll of magic mapping {unknown}
 p - a scroll of amnesia {unknown}
 r - a scroll of silence {unknown}
Potions
 c - a potion of lignification {unknown}
 g - a potion of heal wounds {unknown}
 h - 2 potions of curing {unknown}
 o - 2 potions of attraction {unknown}


   Skills:
 + Level 1.3 Maces & Flails
 - Level 1.7 Dodging
 - Level 1.4 Stealth
 - Level 3.0 Spellcasting
 * Level 5.4 Ice Magic


You had 3 spell levels left.
You knew the following spells:

 Your Spells              Type           Power      Damage    Failure   Level
a - Freeze                Ice            88%        1d9       1%          1
r - Frozen Ramparts       Ice            44%        1d7       5%          3
A - Ozocubu's Armour      Ice            22%        N/A       5%          3

Your spell library contained the following spells:

 Spells                   Type           Power      Damage    Failure   Level
 Summon Ice Beast         Ice/Summ       12%        N/A       47%         4


Dungeon Overview and Level Annotations

Branches:
Dungeon (3/15)

Altars:

Shops:
D:3 :

Annotations:
D:3 Grinder


Innate Abilities, Weirdness & Mutations

You are too large for most types of armour.
You have tough skin. (AC +1)


Message History

Confirm with . or Enter, or press ? or * to list all spells.
You don't have enough magic to cast this spell.
You hit Grinder but do no damage.
Grinder is lightly wounded.
The frozen ramparts melt away.
Grinder says, "There's only one good use for a tongue: cutting it out."
Grinder hits you but does no damage. Grinder gestures at you.
Pain shoots through your body!
* * * LOW HITPOINT WARNING * * *
You barely miss Grinder.
Grinder is lightly wounded.
Grinder says, "DUCK!"
Grinder hits you but does no damage.
Unknown command.
Magic courses through your body. Grinder gestures at you.
You suddenly lose the ability to move!
Grinder hits you.
* * * LOW HITPOINT WARNING * * *
You writhe in agony.
* * * LOW HITPOINT WARNING * * *
You can move again.
Unknown command.
Casting: Freeze (safe; 1% risk of failure)
Confirm with . or Enter, or press ? or * to list all spells.
Okay, then.
Press: ? - help, v - describe, . - travel
Here: Grinder (lightly wounded)
The floor.
Unknown command.
Unknown command.
You hit Grinder but do no damage.
Grinder is lightly wounded.
Grinder hits you.
* * * LOW HITPOINT WARNING * * *
You hit Grinder but do no damage.
Grinder is lightly wounded.
Grinder hits you!
You die...

# .## ### .... .. .....
####. #########...... #....
#......@5...(.. #.##.
#.#######...... #.... #.#
###.#.#####..#. #.# #..
..^......#. #.#
#.#.#.#####.##. #.# #.#.#.#
#.###
######.########.#..#.####.##
#.................###......#
#.##..............>#.####..#


You could see Grinder.

Vanquished Creatures
  A howler monkey (D:3)
  3 adders
  2 worms
  3 dart slugs
  8 orcs (D:3)
  5 bats
  7 endoplasms
  2 giant cockroaches
  6 goblins
  8 hobgoblins
  2 quokkas
  8 ball pythons
  2 frilled lizards
  6 kobolds
  5 rats
68 creatures vanquished.

Notes
Turn   | Place    | Note
-------+----------+-------------------------------------------
     0 | D:1      | Cheops the Ogre Ice Elementalist began the quest for the
                  | Orb.
     0 | D:1      | Reached XP level 1. HP: 16/16 MP: 3/3
    98 | D:1      | Found a faded altar of an unknown god.
   169 | D:1      | Reached XP level 2. HP: 24/24 MP: 1/6
   365 | D:1      | Reached skill level 4 in Ice Magic
   532 | D:1      | You fall into a shaft and drop 1 floor!
   598 | D:2      | Reached XP level 3. HP: 31/31 MP: 5/7
   602 | D:2      | Learned a level 3 spell: Frozen Ramparts
   606 | D:2      | Learned a level 3 spell: Ozocubu's Armour
  1368 | D:2      | Reached XP level 4. HP: 39/39 MP: 5/8
  1777 | D:3      | Reached skill level 5 in Ice Magic
  1806 | D:3      | Reached XP level 5. HP: 42/45 MP: 2/9
  1883 | D:3      | Found Vacugrosk's Book Shop.
  1895 | D:3      | Reached skill level 1 in Maces & Flails
  2458 | D:3      | Noticed Grinder
  2462 | D:3      | Paralysed by Grinder for 4 turns
  2481 | D:3      | Paralysed by Grinder for 2 turns
  2483 | D:3      | HP: 2/45 [Grinder (6)]
  2484 | D:3      | Mangled by Grinder

Illustrated notes

Levels and vault maps discovered:
D:1:      roderic_crossed_star, layout_rooms, nicolae_ecumenical_snake_handling,
          serial_bayou_lagoon_a, minmay_cut_off
D:2:      layout_rooms, minivault_27, chequers_serial_rivers_micro_e
D:3:      layout_loops_ring, serial_shops, nicolae_book_shop_shelving,
          uniq_grinder

Skill      XL: |  1  2  3  4  5 |
---------------+----------------+-----
Spellcasting   | 3 |  3.0
Ice Magic      | 4 5 |  5.4
Maces & Flails | 1 |  1.3
Dodging        | |  1.7
Stealth        | |  1.4

Action                     |  1- 3 |  4- 6 || total
---------------------------+-------+-------++-------
  Melee: Dagger            |     9 |       ||     9
         Unarmed           |     2 |       ||     2
         Punch             |     1 |       ||     1
         Staff             |       |    12 ||    12
   Cast: Freeze            |    57 |    41 ||    98
         Frozen Ramparts   |       |     4 ||     4
         Ozocubu's Armour  |       |     1 ||     1
    Use: Potion            |       |     1 ||     1
 Armour: Robe              |    13 |    14 ||    27
  Dodge: Dodged            |    18 |    16 ||    34
